 Dungeon Crawl Stone Soup version 0.32-a0-42-ga30500b4d3 (webtiles) character file.

Game seed: 256432291392728454

3262 pokeman the Thaumaturge (level 9, -3/50 HPs)
             Began as a Deep Elf Hedge Wizard on Jan 31, 2024.
             Was an Initiate of Vehumet.
             Slain by a two-headed ogre
             ... wielding a +0 giant club
              (29 damage)
             ... on level 7 of the Dungeon.
             The game lasted 00:20:13 (8311 turns).

pokeman the Thaumaturge (Deep Elf Hedge Wizard)     Turns: 8311, Time: 00:20:14

Health: -3/50      AC:  6    Str:  7    XL:     9   Next: 68%
Magic:  3/26       EV: 13    Int: 24    God:    Vehumet [......]
Gold:   418        SH:  0    Dex: 14    Spells: 14/31 levels left

rFire   + . .        q - +2 dagger (venom)
rCold   + + .        (no shield)
rNeg    . . .        b - +0 robe
rPois   .            s - +0 helmet
rElec   .            n - scarf {rC+ rF+}
rCorr   .            e - +0 pair of gloves
SInv    .            J - +1 pair of boots
Will    .....        (no amulet)
Stlth   ++           O - ring of flight
HPRegen 0.28/turn    D - ring of protection from cold
MPRegen 0.20/turn

%: no passive effects
@: flying
A: no striking features
a: Renounce Religion


You were on level 7 of the Dungeon.
You worshipped Vehumet.
Vehumet was noncommittal.
You visited 2 branches of the dungeon, and saw 8 of its levels.
You also visited: Ossuary.

You collected 418 gold pieces.

Inventory:

Hand Weapons
 q - a +2 dagger of venom (weapon)
Missiles
 E - a curare-tipped dart
Armour
 b - a +0 robe (worn)
 e - a +0 pair of gloves (worn)
 n - a scarf of resistance (worn)
 s - a +0 helmet (worn)
 J - a +1 pair of boots (worn)
Jewellery
 j - an amulet of faith
 B - a +6 ring of strength
 D - a ring of protection from cold (right hand)
 O - a ring of flight (left hand)
Wands
 c - a wand of charming (11)
 A - a wand of quicksilver (12)
 F - a wand of mindburst (29)
 G - a wand of polymorph (2)
 K - a wand of flame (15)
Scrolls
 a - 3 scrolls of amnesia {unknown}
 f - 9 scrolls of identify {unknown}
 g - a scroll of fog {unknown}
 h - 2 scrolls of enchant armour {unknown}
 i - a scroll of immolation {unknown}
 l - a scroll of brand weapon {unknown}
 m - 6 scrolls of teleportation {unknown}
 o - 2 scrolls of silence {unknown}
 p - a scroll of enchant weapon {unknown}
 t - a scroll of revelation {unknown}
 x - 2 scrolls of summoning {unknown}
 y - a scroll of poison {unknown}
 z - a scroll of fear {unknown}
 H - a scroll of acquirement {unknown}
 M - a scroll of torment {unknown}
Potions
 d - a potion of magic
 k - 3 potions of heal wounds
 r - a potion of degeneration {unknown}
 u - 3 potions of haste {unknown}
 v - 2 potions of enlightenment {unknown}
 w - a potion of resistance {unknown}
 C - a potion of berserk rage {unknown}
 I - a potion of attraction {unknown}
 L - 2 potions of curing {unknown}
 N - a potion of might {unknown}


   Skills:
 + Level 3.0 Fighting
 - Level 3.4 Armour
 - Level 3.0 Dodging
 - Level 3.3 Stealth
 * Level 11.9 Spellcasting
 + Level 6.7 Conjurations
 - Level 1.1 Summonings
 - Level 1.1 Translocations
 + Level 5.4 Fire Magic
 - Level 1.2 Air Magic
 - Level 2.0 Alchemy
 - Level 1.2 Evocations


You had 14 spell levels left.
You knew the following spells:

 Your Spells              Type           Power      Damage    Failure   Level
a - Magic Dart            Conj           100%       1d8       1%          1
b - Mephitic Cloud        Conj/Alch/Air  30%        N/A       3%          3
c - Call Imp              Summ           38%        N/A       4%          2
d - Blink                 Tloc           38%        N/A       4%          2
e - Flame Wave            Conj/Fire      43%        2d11      3%          4
f - Irradiate             Conj/Alch      17%        3d17      21%         5

Your spell library contained the following spells:

 Spells                   Type           Power      Damage    Failure   Level
 Sting                    Conj/Alch      100%       1d9       1%          1
 Scorch                   Fire           80%        2d8       1%          2
 Apportation              Tloc           38%        N/A       2%          1
 Summon Small Mammal      Summ           76%        N/A       2%          1
 Volatile Blastmotes      Fire/Tloc      60%        2d15      3%          3
 Necrotise                Necr           56%        1d6       4%          1
 Slow                     Hex            56%        N/A       4%          1
 Cigotuvi's Dreadful Rot  Necr/Alch/Air  38%        N/A       4%          2
 Inner Flame              Hex/Fire       27%        N/A       4%          3
 Fulminant Prism          Conj/Alch      17%        3d10      7%          4
 Iskenderun's Mystic Bla  Conj/Tloc      33%        2d8       9%          4
 Summon Cactus Giant      Summ           9%         N/A       99%         6
 Ignition                 Fire           20%        3d7       100%        8


Dungeon Overview and Level Annotations

Branches:
Dungeon (7/15)             Temple (1/1) D:6         Ossuary (visited)

Altars:
Ashenzari
Elyvilon
Fedhas
Hepliaklqana
Qazlal
Ru
Sif Muna
Trog
Uskayaw
Vehumet
Xom
Yredelemnul
Zin
The Shining One
Lugonu

Shops:
D:3 [   D:4 (   D:5 :


Message History

The ball explodes into a vile cloud!
The stinking cloud engulfs the two-headed ogre.
The two-headed ogre is heavily wounded.
The two-headed ogre is engulfed in noxious fumes.
The two-headed ogre appears confused.
The two-headed ogre ponders the situation.
Unknown command.
Casting: Mephitic Cloud (dangerous; 3% risk of failure)
Confirm with . or Enter, or press ? or * to list all spells.
Casting: Flame Wave (dangerous; 3% risk of failure)
Press: ? - help, Dir - look around, f - activate A wave of flame ripples out!
The flame wave engulfs the two-headed ogre.
The two-headed ogre is severely wounded. (Press . to intensify the flame waves.)
The boggart hits the two-headed ogre.
A wave of flame ripples out!
The flame wave engulfs the two-headed ogre.
The two-headed ogre is severely wounded.
The flame wave engulfs the boggart!!
You kill the boggart!
Vehumet accepts your kill.
Your Fighting skill increases to level 3!
A wave of flame ripples out!
The flame wave engulfs the two-headed ogre.
The two-headed ogre is severely wounded.
You finish channelling waves of flame.
The two-headed ogre hits you with a +0 giant club!
The two-headed ogre closely misses you.
Unknown command.
You hit the two-headed ogre but do no damage.
The two-headed ogre is poisoned.
The two-headed ogre is severely wounded.
You strike the helpless two-headed ogre from behind!
You puncture the two-headed ogre!
The two-headed ogre is almost dead.
The two-headed ogre seems less confused.
The two-headed ogre hits you with a +0 giant club!!
Ouch! That really hurt!
You die...

#......................
#.....#.##>...##....####
........##.....[.####
...............###
.!......#..##.#####
#.........###.....#####
#.......†#######..#...
............# .......
#####.@O#### ##.###.#
#...# #<.###.# #.§...#
#...##.# ....§....
###....# .8...○§..8.
###..## #...........#
#..)# ##.........##
##.#.## #.8.....8.#
#..#... #.####.


You could see a two-headed ogre (very poisoned).

Vanquished Creatures
  A two-headed ogre (D:7)
  A kobold demonologist (D:6)
  Duvessa (D:5)
  A water moccasin (D:7)
  2 ice beasts (D:7)
  A black bear (D:6)
  An ogre (D:5)
  2 boggarts (D:7)
  2 centaurs
  2 phantoms
  2 kobold brigands (D:6)
  A weeping skull (Ossuary)
  3 elf zombies (Ossuary)
  A scorpion (D:5)
  Dowan (D:5)
  2 howler monkeys
  A human zombie (Ossuary)
  3 hounds
  A bombardier beetle (D:4)
  A gnoll bouda (D:7)
  3 iguanas
  A sleepcap (D:6)
  4 orc wizards
  Natasha (thrice) (D:2)
  A crocodile zombie (Ossuary)
  3 mummies (Ossuary)
  Robin (D:4)
  5 gnolls (D:7)
  9 adders
  2 ufetubi (D:5)
  6 adder zombies (Ossuary)
  A dart slug (D:2)
  A ribbon worm (D:4)
  15 orcs
  4 bats
  4 endoplasms
  2 giant cockroaches
  8 hobgoblins
  9 jackals
  2 quokkas
  5 ball pythons
  7 ball python zombies (Ossuary)
  4 frilled lizards
  3 gnoll zombies (Ossuary)
  9 goblins
  5 jackal zombies (Ossuary)
  6 kobolds
  A kobold zombie (Ossuary)
  2 orc zombies (Ossuary)
  5 rats
  2 rat zombies (D:5)
163 creatures vanquished.

Vanquished Creatures (collateral kills)
  A ribbon worm (D:4)
1 creature vanquished.

Grand Total: 164 creatures vanquished

Notes
Turn   | Place    | Note
-------+----------+-------------------------------------------
     0 | D:1      | pokeman the Deep Elf Hedge Wizard began the quest for the
                  | Orb.
     0 | D:1      | Reached XP level 1. HP: 10/10 MP: 7/7
   372 | D:1      | Reached XP level 2. HP: 16/16 MP: 4/9
  1065 | D:1      | Found a faded altar of an unknown god.
  1480 | D:2      | Reached skill level 5 in Spellcasting
  1480 | D:2      | Reached XP level 3. HP: 20/20 MP: 5/11
  1484 | D:2      | Learned a level 3 spell: Mephitic Cloud
  1487 | D:2      | Learned a level 2 spell: Call Imp
  1490 | D:2      | Learned a level 2 spell: Blink
  1782 | D:2      | Noticed Natasha
  1789 | D:2      | Killed Natasha
  1790 | D:2      | Reached skill level 1 in Fighting
  1790 | D:2      | Reached skill level 1 in Armour
  1881 | D:2      | Noticed Natasha
  1898 | D:2      | Killed Natasha
  1899 | D:2      | Reached XP level 4. HP: 25/25 MP: 1/13
  2255 | D:2      | Noticed Natasha
  2260 | D:2      | Killed Natasha
  2395 | D:3      | Found Uroces's Armour Shoppe.
  2692 | D:3      | Reached skill level 6 in Spellcasting
  2766 | D:3      | Reached XP level 5. HP: 29/29 MP: 10/15
  2957 | D:3      | Found a sacrificial altar of Ru.
  3212 | D:3      | Found a hazy altar of Hepliaklqana.
  3335 | D:3      | Found an iron altar of Okawaru.
  3338 | D:3      | Found a radiant altar of Vehumet.
  3338 | D:3      | Found a shadowy altar of Dithmenos.
  3341 | D:3      | Found a shimmering altar of Xom.
  3341 | D:3      | Found a sparkling altar of Nemelex Xobeh.
  3341 | D:3      | Found a basalt altar of Yredelemnul.
  3720 | D:4      | Found Qoughys's Antique Weapon Shop.
  3970 | D:4      | Learned a level 5 spell: Irradiate
  3975 | D:4      | Learned a level 4 spell: Flame Wave
  4061 | D:4      | Reached XP level 6. HP: 9/34 MP: 10/17
  4295 | D:4      | Noticed Robin
  4306 | D:4      | Killed Robin
  4543 | D:5      | Entered Level 5 of the Dungeon
  4543 | D:5      | Found a blossoming altar of Fedhas.
  4552 | D:5      | Noticed Duvessa
  4554 | D:5      | Noticed Dowan
  4562 | D:5      | Reached skill level 7 in Spellcasting
  4562 | D:5      | Reached skill level 1 in Fire Magic
  4562 | D:5      | Reached skill level 1 in Alchemy
  4692 | D:5      | Reached skill level 1 in Air Magic
  4692 | D:5      | Reached skill level 1 in Evocations
  4692 | D:5      | Reached XP level 7. HP: 38/38 MP: 14/20
  4875 | D:5      | Found a sand-covered staircase.
  4884 | Ossuary  | Entered an ossuary
  5332 | Ossuary  | Reached skill level 8 in Spellcasting
  5761 | Ossuary  | Reached XP level 8. HP: 38/44 MP: 1/22
  6111 | D:5      | Found a hide-covered altar of Uskayaw.
  6206 | D:5      | Killed Duvessa
  6207 | D:5      | Reached skill level 9 in Spellcasting
  6214 | D:5      | Killed Dowan
  6371 | D:5      | Found Bonkufaz's Book Emporium.
  6450 | D:5      | Reached skill level 5 in Conjurations
  6769 | D:6      | Noticed a kobold demonologist
  6896 | D:6      | Killed a kobold demonologist
  6897 | D:6      | Reached skill level 10 in Spellcasting
  7319 | D:6      | Reached XP level 9. HP: 45/48 MP: 13/25
  7556 | D:6      | Found a staircase to the Ecumenical Temple.
  7562 | Temple   | Entered the Ecumenical Temple
  7577 | Temple   | Became a worshipper of Vehumet
  8172 | D:7      | Reached skill level 11 in Spellcasting
  8237 | D:7      | Found a stormy altar of Qazlal.
  8295 | D:7      | Noticed a two-headed ogre
  8297 | D:7      | Noticed a two-headed ogre
  8302 | D:7      | Killed a two-headed ogre
  8303 | D:7      | Reached skill level 5 in Fire Magic
  8311 | D:7      | Slain by a two-headed ogre

Illustrated notes

Levels and vault maps discovered:
D:1:      roderic_octagonal_star, layout_basic,
          dilly_ecumenical_altar_fadedgnrine, roderic_lattice_a
D:2:      layout_basic, uniq_natasha
D:3:      layout_loops_ring, doesnt_xom_only_xom, mainiacjoe_overflow_boulevard,
          nzn_hepliaklqana_mist_gate, serial_bayou, serial_bayou_pond_e,
          serial_bayou_pond_b, serial_bayou_lagoon_a, serial_bayou_lake_a,
          serial_shops, shop, chequers_serial_rivers_small_a
D:4:      layout_basic, serial_shops, nicolae_shop_hallway_plus,
          grunt_decor_clamped, minmay_diced_spiral, uniq_robin
D:5:      layout_loops_cross, marbit_many_paths, fedhas_bush_and_centaur_altar,
          enter_ossuary_4, serial_shops, nicolae_diamond_shop, uniq_duvessa
D:6:      layout_gridville, minmay_temple_entry_hall
D:7:      layout_rooms, nicolae_overflow_crystal_walls,
          nicolae_qazlal_general_emergency, nicolae_phantomly_mirrored,
          uniq_menkaure
Temple:   corrupted_temple

Skill      XL: |  1  2  3  4  5  6  7  8  9 |
---------------+----------------------------+-----
Spellcasting   | 5 6 7 8 10 11 | 11.9
Fighting       | 1 2 3 |  3.0
Armour         | 1 3 |  3.4
Conjurations   | 2 3 4 5 6 |  6.7
Dodging        | 3 |  3.0
Stealth        | 3 |  3.3
Fire Magic     | 1 2 4 5 |  5.4
Alchemy        | 1 2 |  2.0
Air Magic      | 1 |  1.2
Evocations     | 1 |  1.2
Summonings     | |  1.1
Translocations | |  1.1

Action                     |  1- 3 |  4- 6 |  7- 9 || total
---------------------------+-------+-------+-------++-------
  Melee: Dagger            |     6 |    65 |    84 ||   155
         Punch             |       |       |     3 ||     3
   Cast: Magic Dart        |    89 |    94 |   159 ||   342
         Mephitic Cloud    |     2 |     9 |    18 ||    29
         Blink             |       |     2 |       ||     2
         Call Imp          |       |     1 |       ||     1
         Flame Wave        |       |       |    22 ||    22
    Use: Potion            |       |     1 |       ||     1
   Stab: Confused          |     1 |     5 |     9 ||    15
 Armour: Robe              |    10 |    36 |    98 ||   144
  Dodge: Dodged            |    10 |    39 |   102 ||   151

Table legend: (Time is in decaauts)
 A = Elapsed time spent in this place.
 B = Non-inter-level travel time spent in this place.
 C = Inter-level travel time spent in this place.
 D = Time resting spent in this place.
 E = Time spent auto-exploring this place.
 F = Levels seen in this place.
 G = Mean time per level.
                   A        B        C        D        E       F      G
               +--------+--------+--------+--------+--------+-----+--------+
         Total |   8336 |   8132 |    204 |    445 |   6347 |   9 |  926.2 |
       Dungeon |   7218 |   7042 |    176 |    350 |   5600 |   7 | 1031.1 |
        Temple |     30 |      2 |     28 |      0 |      0 |   1 |   30.0 |
       Ossuary |   1086 |   1086 |      0 |     95 |    747 |   1 | 1086.0 |
               +--------+--------+--------+--------+--------+-----+--------+

Top non-repeatable levels by time:
     D:1: 1432 daAuts
     D:3: 1202 daAuts
     D:5: 1148 daAuts
 Ossuary: 1086 daAuts
     D:4: 1074 daAuts
     D:6: 1036 daAuts
     D:2: 963 daAuts
     D:7: 360 daAuts
  Temple: 30 daAuts
